[Event "December 19 Early 2023"]
[Site "https://www.chess.com"]
[Date "2023.12.19"]
[Round "9"]
[White "Pein, Jonathan"]
[Black "Donatti, Alvaro"]
[Result "1-0"]
[Board "167"]
[TimeControl "180+1"]
[WhiteFideId "417092"]
[BlackFideId "3000303"]
[WhiteElo "2130"]
[BlackElo "2138"]
[WhiteTeam "ENG"]
[BlackTeam "URU"]
[WhiteClock "0:00:04"]
[BlackClock "0:00:00"]

1. e4 c5 2. Nc3 e6 3. d4 cxd4 4. Qxd4 Nc6 5. Qd3 a6 6. Bf4 Qb6 7. O-O-O Qxf2 8. Nf3 Qb6 9. Be2 Be7 10. Rhe1 Nf6 11. e5 Ng4 12. Ne4 Qa5 13. Nd6+ Bxd6 14. Qxd6 Nf2 15. a3 Ne4 16. Qd3 Nf2 17. Qd6 Ne4 18. Qd3 Nf2 19. Qe3 Nxd1 20. Rxd1 O-O 21. Bd3 f5 22. exf6 Rxf6 23. Ng5 h6 24. Ne4 Rf8 25. Bd6 Rf7 26. g4 Ne5 27. Be2 Ng6 28. g5 b6 29. gxh6 Bb7 30. hxg7 Qf5 31. Bd3 Rc8 32. Rg1 Rc6 33. Bb4 a5 34. Nd6 Qf4 35. Qxf4 Nxf4 36. Nxf7 Nxd3+ 37. Kd2 Nxb4 38. Nh6+ 1-0

[Event "December 19 Early 2023"]
[Site "https://www.chess.com"]
[Date "2023.12.19"]
[Round "9"]
[White "Sarkar, Justin"]
[Black "SulfatoFerroso"]
[Result "0-1"]
[Board "168"]
[TimeControl "180+1"]
[WhiteFideId "2010011"]
[WhiteElo "2138"]
[BlackElo "1906"]
[WhiteTeam "USA"]
[WhiteClock "0:00:00"]
[BlackClock "0:00:31"]

1. d4 d5 2. c4 e6 3. Nc3 Nf6 4. Bg5 c6 5. e3 h6 6. Bh4 Be7 7. Qc2 Nbd7 8. Nf3 O-O 9. Rc1 Ne4 10. Bxe7 Qxe7 11. Nxe4 dxe4 12. Qxe4 Qb4+ 13. Nd2 Qxb2 14. Qc2 Qxc2 15. Rxc2 e5 16. Bd3 exd4 17. exd4 Re8+ 18. Kd1 Nf6 19. Nb3 Be6 20. f3 Red8 21. Re1 a5 22. a4 b5 23. axb5 cxb5 24. Kd2 bxc4 25. Bxc4 Bxc4 26. Rxc4 a4 27. Nc5 a3 28. Ra1 Nd5 29. Nb3 Rdb8 30. Nc5 Rb2+ 31. Rc2 Rb4 32. Kd3 Nf4+ 33. Ke3 Nd5+ 0-1

[Event "December 19 Early 2023"]
[Site "https://www.chess.com"]
[Date "2023.12.19"]
[Round "9"]
[White "Floresvillar Gonzalez, Luis Migu"]
[Black "Bushonica"]
[Result "0-1"]
[Board "169"]
[TimeControl "180+1"]
[WhiteFideId "5100542"]
[WhiteElo "2040"]
[BlackElo "1899"]
[WhiteTeam "MEX"]
[WhiteClock "0:00:00"]
[BlackClock "0:00:20"]

1. e4 c5 2. d4 cxd4 3. c3 dxc3 4. Nxc3 d6 5. Bc4 e6 6. Nf3 Nc6 7. O-O Be7 8. Qe2 Nf6 9. Rd1 Qa5 10. Bf4 e5 11. Bg5 Nd4 12. Nxd4 exd4 13. Bxf6 Bxf6 14. Nd5 Be6 15. Nxf6+ gxf6 16. Bxe6 fxe6 17. Rxd4 Ke7 18. Rad1 Rad8 19. b3 Rhg8 20. g3 Qe5 21. Qe3 Qh5 22. R1d2 Rg4 23. f3 Rg7 24. f4 Qh6 25. Rb4 b6 26. Ra4 Rd7 27. Qd3 Qxf4 28. e5 Qxe5 29. Re2 Qc5+ 30. Kg2 Qc6+ 31. Kg1 Qc1+ 32. Kg2 Qg5 33. Rae4 e5 34. Qd5 Qf5 35. R4e3 h5 36. Re4 Qg5 37. Qd3 h4 38. R4e3 f5 39. Qd5 f4 40. Rxe5+ dxe5 41. Rxe5+ Qxe5 42. Qxe5+ Kd8 43. Qb8+ Ke7 44. Qxf4 hxg3 45. hxg3 Rf7 46. Qh4+ Kd6 0-1

[Event "December 19 Early 2023"]
[Site "https://www.chess.com"]
[Date "2023.12.19"]
[Round "9"]
[White "Saim, Mohamed Ilias"]
[Black "Masterisback04"]
[Result "0-1"]
[Board "170"]
[TimeControl "180+1"]
[WhiteFideId "7900465"]
[WhiteElo "2063"]
[BlackElo "1730"]
[WhiteTeam "ALG"]
[WhiteClock "0:01:54"]
[BlackClock "0:02:13"]

1. d4 Nf6 2. c4 g6 3. Nf3 Bg7 4. e3 d6 5. Be2 O-O 6. Nc3 Nbd7 7. O-O e5 8. Qc2 Ne8 9. b4 f5 10. a4 Kh8 11. c5 f4 12. b5 g5 13. Qf5 Rxf5 0-1

[Event "December 19 Early 2023"]
[Site "https://www.chess.com"]
[Date "2023.12.19"]
[Round "9"]
[White "Seletsky, Grigory"]
[Black "Gulamirian, Korun"]
[Result "1-0"]
[Board "171"]
[TimeControl "180+1"]
[WhiteFideId "14112191"]
[BlackFideId "4144899"]
[WhiteElo "2482"]
[BlackElo "1621"]
[WhiteTeam "UKR"]
[BlackTeam "RUS"]
[WhiteClock "0:00:53"]
[BlackClock "0:00:03"]

1. b3 d5 2. Bb2 c5 3. e3 Nc6 4. Nf3 Nf6 5. Bb5 Bd7 6. O-O g6 7. Bxc6 Bxc6 8. Ne5 Bg7 9. Nxc6 bxc6 10. d3 Rb8 11. Qe2 a5 12. Nc3 d4 13. Na4 Qd6 14. e4 e5 15. Ba3 Rb5 16. g3 Nd7 17. f4 f6 18. Rae1 O-O 19. f5 g5 20. h4 Bh6 21. Kg2 Kf7 22. hxg5 Bxg5 23. Rh1 h6 24. Rxh6 Bxh6 25. Qh5+ Ke7 26. Qxh6 Rf7 27. Rh1 Qb8 28. g4 Qf8 29. Qh5 Rg7 30. Kf3 Qg8 31. Bc1 Rb8 32. Nb2 Qf7 33. a4 Rbg8 34. Qxf7+ Kxf7 35. Rh4 Nf8 36. Nc4 Nh7 37. Nxa5 Ng5+ 38. Bxg5 fxg5 39. Rh6 Rc8 40. Nb7 Rc7 41. Nxc5 Kg8 42. Ne6 Rh7 43. Rh5 Rce7 44. Nxg5 Rxh5 45. gxh5 Kg7 46. Ne6+ Kf6 47. Kg4 Re8 48. Nc5 Rg8+ 49. Kf3 Rh8 50. Nd7+ Kg5 51. Nxe5 Rxh5 52. Nxc6 Rh3+ 53. Kg2 Re3 54. Nxd4 Kf4 55. Kf2 Rh3 56. f6 Rh2+ 57. Ke1 Ke3 58. Nf5+ Kf4 59. Kd1 Rh8 60. Kc1 Rf8 61. Ne7 Ke3 62. Nd5+ Ke2 63. e5 Kf3 64. e6 Kg4 65. e7 Ra8 66. f7 Kg5 67. f8=Q Rxf8 68. exf8=Q 1-0

[Event "December 19 Early 2023"]
[Site "https://www.chess.com"]
[Date "2023.12.19"]
[Round "10"]
[White "Vokhidov, Shamsiddin"]
[Black "Carlsen, Magnus"]
[Result "0-1"]
[Board "1"]
[TimeControl "180+1"]
[WhiteFideId "14204223"]
[BlackFideId "1503014"]
[WhiteElo "2588"]
[BlackElo "2887"]
[WhiteTeam "UZB"]
[BlackTeam "NOR"]
[WhiteClock "0:00:07"]
[BlackClock "0:00:58"]

1. e4 Nc6 2. Nf3 g6 3. d4 Bg7 4. Bc4 d6 5. O-O Nf6 6. Qe2 Bg4 7. c3 e5 8. Bb5 Nd7 9. Bxc6 bxc6 10. Rd1 O-O 11. h3 Bxf3 12. Qxf3 Re8 13. Be3 Rb8 14. b3 a5 15. Nd2 exd4 16. cxd4 c5 17. Nc4 a4 18. Rab1 axb3 19. axb3 cxd4 20. Bxd4 Bxd4 21. Rxd4 Qe7 22. Qc3 Qf6 23. f3 Nc5 24. Nd2 Ne6 25. Rc4 Qxc3 26. Rxc3 Ra8 27. Nc4 Ra2 28. Rb2 Rxb2 29. Nxb2 Ra8 30. Nd3 Ra1+ 31. Kf2 Ra2+ 32. Kf1 Kg7 33. Nb4 Rb2 34. Nd3 Rb1+ 35. Kf2 g5 36. b4 h5 37. g3 Rh1 38. e5 dxe5 39. Nxe5 Rh2+ 40. Kg1 Re2 41. Nc4 Kg6 42. Ne3 Rb2 43. Nd5 Nd4 44. Kf1 c6 45. Ne7+ Kf6 46. Nxc6 Ne2 47. Rc5 Nxg3+ 48. Kg1 Ne2+ 49. Kf1 Nf4 50. h4 gxh4 51. Nd4 h3 52. Rf5+ Kg6 53. Rxf4 Rb1+ 54. Kf2 h2 55. Rh4 h1=Q 56. Rxh1 Rxh1 57. b5 Rb1 58. Ke3 h4 59. Kf4 Rb4 60. Ke3 h3 0-1

[Event "December 19 Early 2023"]
[Site "https://www.chess.com"]
[Date "2023.12.19"]
[Round "10"]
[White "Nakamura, Hikaru"]
[Black "Kovalev, Vladislav"]
[Result "1-0"]
[Board "2"]
[TimeControl "180+1"]
[WhiteFideId "2016192"]
[BlackFideId "13504398"]
[WhiteElo "2874"]
[BlackElo "2539"]
[WhiteTeam "USA"]
[BlackTeam "FID"]
[WhiteClock "0:00:09"]
[BlackClock "0:00:03"]

1. e4 e5 2. Bc4 Nf6 3. d3 c6 4. Nf3 d5 5. Bb3 Bd6 6. O-O O-O 7. exd5 cxd5 8. Bg5 Be6 9. Nc3 d4 10. Ne4 Bxb3 11. Bxf6 gxf6 12. axb3 f5 13. Nfg5 f6 14. Ne6 Qe7 15. Nxd6 Qxe6 16. Nxb7 Qd5 17. Qf3 Qxf3 18. gxf3 Rc8 19. Rfc1 f4 20. c3 Nc6 21. b4 Kf8 22. Kf1 Ke7 23. Nc5 Rc7 24. Nb3 Rd8 25. cxd4 Rcc8 26. dxe5 Nxe5 27. Rxa7+ Kf8 28. Rxc8 Rxc8 29. Nc5 Nxf3 30. Rxh7 Ra8 31. Rh8+ 1-0

[Event "December 19 Early 2023"]
[Site "https://www.chess.com"]
[Date "2023.12.19"]
[Round "10"]
[White "Suleymanli, Aydin"]
[Black "Bortnyk, Olexandr"]
[Result "0-1"]
[Board "3"]
[TimeControl "180+1"]
[WhiteFideId "13413937"]
[BlackFideId "14120828"]
[WhiteElo "2553"]
[BlackElo "2731"]
[WhiteTeam "AZE"]
[BlackTeam "UKR"]
[WhiteClock "0:00:01"]
[BlackClock "0:00:06"]

1. e4 Nf6 2. e5 Nd5 3. Nc3 Nxc3 4. dxc3 d6 5. Nf3 Nc6 6. Bb5 a6 7. Ba4 Bd7 8. exd6 exd6 9. O-O Be7 10. Re1 O-O 11. Bf4 Bf6 12. Bb3 Ne7 13. Qd2 Ng6 14. Bg3 Bg4 15. Nd4 Qd7 16. h3 Bh5 17. Bh2 Rfe8 18. g4 Nh4 19. Bg3 Bxg4 20. Bxh4 Bxh4 21. Qf4 c5 22. hxg4 cxd4 23. cxd4 h6 24. Kg2 Bg5 25. Qf3 Rac8 26. c3 b5 27. a3 Rxe1 28. Rxe1 g6 29. Bd5 Kg7 30. Qg3 Qd8 31. Re4 a5 32. f4 Bh4 33. Qe3 b4 34. axb4 axb4 35. c4 Qf6 36. Kh3 b3 37. c5 h5 38. g5 Qf5+ 39. Kh2 Qxd5 40. Re7 dxc5 41. dxc5 Qxc5 42. Qf3 Qf2+ 0-1

[Event "December 19 Early 2023"]
[Site "https://www.chess.com"]
[Date "2023.12.19"]
[Round "10"]
[White "Maksimovic, Bojan"]
[Black "Praggnanandhaa R"]
[Result "1/2-1/2"]
[Board "4"]
[TimeControl "180+1"]
[WhiteFideId "14408120"]
[BlackFideId "25059530"]
[WhiteElo "2527"]
[BlackElo "2665"]
[WhiteTeam "BIH"]
[BlackTeam "IND"]
[WhiteClock "0:00:01"]
[BlackClock "0:00:01"]

1. Nf3 Nf6 2. g3 b6 3. Bg2 Bb7 4. O-O c5 5. c4 g6 6. b3 Bg7 7. Bb2 O-O 8. Nc3 e6 9. d4 Na6 10. Nb5 d5 11. Ne5 Qe7 12. e3 Rfd8 13. Qe2 dxc4 14. Bxb7 Qxb7 15. Nxc4 Nb4 16. dxc5 bxc5 17. Nbd6 Qc6 18. Rad1 Nd7 19. Bxg7 Kxg7 20. Qb2+ f6 21. a3 Nd5 22. e4 N5b6 23. Rd2 Nxc4 24. Nxc4 Nb6 25. e5 f5 26. Rfd1 Rxd2 27. Qxd2 Nd5 28. Nd6 Rb8 29. Rb1 Qa6 30. a4 Rb4 31. Qc1 Qb6 32. Qg5 Rxb3 33. Rxb3 Qxb3 34. Qd8 Qd1+ 35. Kg2 f4 36. Ne8+ Kf7 37. Nd6+ Kg7 38. Ne8+ Kf7 39. Nd6+ Kg7 1/2-1/2

[Event "December 19 Early 2023"]
[Site "https://www.chess.com"]
[Date "2023.12.19"]
[Round "10"]
[White "Nihal Sarin"]
[Black "Grandelius, Nils"]
[Result "1-0"]
[Board "5"]
[TimeControl "180+1"]
[WhiteFideId "25092340"]
[BlackFideId "1710400"]
[WhiteElo "2689"]
[BlackElo "2573"]
[WhiteTeam "IND"]
[BlackTeam "SWE"]
[WhiteClock "0:02:24"]
[BlackClock "0:00:02"]

1. a3 d5 2. Nf3 Bg4 3. e3 Nf6 4. h3 Bh5 5. c4 c6 6. Qb3 Qc7 7. cxd5 cxd5 8. Nc3 e6 9. d4 Bxf3 10. gxf3 Nc6 11. Bd2 a6 12. f4 Be7 13. O-O-O O-O 14. Kb1 b5 15. Rc1 Rfc8 16. Bd3 Qb7 17. f5 Na5 18. Qd1 Nc4 19. fxe6 fxe6 20. Bxc4 dxc4 21. e4 Nxe4 22. Re1 Nxc3+ 23. Bxc3 Re8 24. Rxe6 Bg5 25. Rxe8+ Rxe8 26. Rc2 Qd5 27. Re2 Rxe2 28. Qxe2 h6 29. f3 Kf7 30. Kc2 Bf4 31. Qe4 Qxe4+ 32. fxe4 g5 33. d5 h5 34. Kd1 g4 35. hxg4 hxg4 36. Ke2 Kg6 37. e5 Kf5 38. e6 Bg5 39. Bd2 Bf6 40. Bc3 Bg5 41. Bd2 Bf6 42. Bb4 Kf4 43. d6 1-0

[Event "December 19 Early 2023"]
[Site "https://www.chess.com"]
[Date "2023.12.19"]
[Round "10"]
[White "Sjugirov, Sanan"]
[Black "Le, Tuan Minh"]
[Result "0-1"]
[Board "6"]
[TimeControl "180+1"]
[WhiteFideId "4189302"]
[BlackFideId "12401153"]
[WhiteElo "2569"]
[BlackElo "2561"]
[WhiteTeam "HUN"]
[BlackTeam "VIE"]
[WhiteClock "0:00:00"]
[BlackClock "0:00:50"]

1. e4 e5 2. Nf3 Nc6 3. Bb5 a6 4. Ba4 Bc5 5. O-O Nge7 6. c3 Ng6 7. d4 Ba7 8. Re1 O-O 9. h3 d6 10. Be3 Nce7 11. Bb3 exd4 12. cxd4 d5 13. e5 c6 14. Nc3 Nf5 15. Bc2 f6 16. exf6 Nxe3 17. fxe3 Qxf6 18. Rf1 Qe7 19. Qd2 Bf5 20. Rae1 Bxc2 21. Qxc2 Rae8 22. e4 Nh4 23. Qd2 Nxf3+ 24. gxf3 Qh4 25. Kh2 Re6 26. Rd1 Rg6 27. Qf2 Qf4+ 28. Kh1 Rg3 29. Qh2 Qh4 0-1

[Event "December 19 Early 2023"]
[Site "https://www.chess.com"]
[Date "2023.12.19"]
[Round "10"]
[White "Sarana, Alexey"]
[Black "Zakhartsov, Vladimir"]
[Result "1/2-1/2"]
[Board "8"]
[TimeControl "180+1"]
[WhiteFideId "24133795"]
[BlackFideId "4145097"]
[WhiteElo "2707"]
[BlackElo "2448"]
[WhiteTeam "SRB"]
[BlackTeam "RUS"]
[WhiteClock "0:00:01"]
[BlackClock "0:00:04"]

1. d4 Nf6 2. c4 g6 3. Nc3 d5 4. Bg5 Bg7 5. Bxf6 Bxf6 6. cxd5 c6 7. e4 cxd5 8. Bb5+ Bd7 9. Bxd7+ Qxd7 10. Nxd5 Bg7 11. Qf3 Nc6 12. Ne2 O-O 13. O-O Qd8 14. Rfd1 e6 15. Ne3 Bxd4 16. Nc2 e5 17. Qb3 Qf6 18. Ncxd4 exd4 19. Rac1 Rab8 20. f3 Rfd8 21. Rd3 Rd7 22. Rcd1 Rbd8 23. R3d2 d3 24. Nc3 Nd4 25. Qc4 b5 26. Qc5 Ne2+ 27. Kf1 Nxc3 28. Qxc3 Qd6 29. h3 h5 30. b4 a6 31. a3 Kh7 32. Kf2 Qb6+ 33. Kg3 Qd6+ 34. e5 Qd5 35. f4 Qe4 36. Rf1 Rd4 37. Kh2 Rc4 38. Qb3 Rd7 39. Rf3 Rcd4 40. Qc3 Kg7 41. e6 fxe6 42. Rdxd3 e5 43. Rde3 Qf5 44. Rxe5 Qf6 45. Qe3 Rd3 46. Qe4 Rxf3 47. Qxf3 Rf7 48. Re4 Qd6 49. Qe3 Qf6 50. Qg3 Qf5 51. Qc3+ Kh7 52. Qe3 h4 53. Qe1 Qf6 54. Qd2 Kg7 55. Qe3 Qf5 56. Rd4 Qf6 57. Qf2 Re7 58. Qd2 Rf7 59. Qc3 Kh7 60. Qe3 Re7 61. Re4 Rf7 62. Qe2 Qf5 63. Qe1 Qf6 64. Qe3 Qf5 65. Qf3 Qf6 66. Qg4 Kg7 67. Qe2 Qf5 68. Qd3 Kh7 69. Qd4 Rd7 70. Qe3 Rf7 1/2-1/2

[Event "December 19 Early 2023"]
[Site "https://www.chess.com"]
[Date "2023.12.19"]
[Round "10"]
[White "Popov, Konstantin"]
[Black "Terry, Renato"]
[Result "0-1"]
[Board "9"]
[TimeControl "180+1"]
[WhiteFideId "34137910"]
[BlackFideId "3803457"]
[WhiteElo "2340"]
[BlackElo "2578"]
[WhiteTeam "FID"]
[BlackTeam "PER"]
[WhiteClock "0:00:08"]
[BlackClock "0:00:07"]

1. e4 e6 2. d4 d5 3. Nc3 Nf6 4. Bg5 Bb4 5. e5 h6 6. Bd2 Bxc3 7. bxc3 Ne4 8. Bc1 c5 9. Ne2 cxd4 10. cxd4 Qa5+ 11. Bd2 Nxd2 12. Qxd2 Qxd2+ 13. Kxd2 Nc6 14. c3 Na5 15. Nf4 Bd7 16. h4 g6 17. h5 g5 18. Nh3 Ke7 19. f4 gxf4 20. Nxf4 Rhg8 21. Rh3 Rg4 22. Ke3 Rag8 23. Rf3 Bc6 24. Bd3 Nc4+ 25. Ke2 Nb2 26. Bc2 b6 27. Kf2 Rc8 28. a4 Nc4 29. g3 Rg5 30. Ke2 Na5 31. Raf1 Be8 32. Kd2 Nc4+ 33. Kc1 Na5 34. Kd2 Rb8 35. Bd1 Nc4+ 36. Kc1 Rb7 37. R1f2 Rc7 38. Rh2 Rg7 39. Ne2 Rc8 40. Rf6 Rh7 41. Bc2 Rh8 42. g4 Ne3 43. Rf4 Nxc2 44. Kxc2 Bxa4+ 45. Kb2 Bb5 46. Ng1 Bd3 47. Rhf2 Rh7 48. Nf3 Rg8 49. Ne1 Be4 50. Nc2 Bxc2 51. Kxc2 Rhg7 52. Kb3 Rc8 53. Rf6 Rc7 54. R2f4 Rh7 55. Rf3 Kd8 56. Kb4 Kc8 57. Rg3 a5+ 58. Kb3 Kd7 59. g5 hxg5 60. Rxg5 Ke7 61. h6 Rc8 62. Rg3 Rch8 63. Rgf3 b5 64. Rf1 Ke8 65. Ra1 Rxh6 66. Rxh6 Rxh6 67. Rxa5 Rh1 68. Rxb5 Rb1+ 69. Ka4 Ra1+ 70. Kb4 Kf8 71. Ra5 Rb1+ 72. Kc5 Kg7 73. Ra3 Rc1 74. Kd6 Rb1 75. Ke7 Rb7+ 76. Ke8 Rc7 77. Rb3 Kg6 78. Kd8 Ra7 79. Ke8 f5 80. Rb1 f4 81. Rg1+ Kf5 82. Rh1 f3 83. Rh3 Ke4 84. Rh6 f2 85. Rf6 Ke3 86. c4 dxc4 87. d5 exd5 88. e6 c3 89. e7 Rxe7+ 90. Kxe7 c2 91. Re6+ Kd3 92. Rf6 c1=Q 93. Rxf2 Qe3+ 0-1

[Event "December 19 Early 2023"]
[Site "https://www.chess.com"]
[Date "2023.12.19"]
[Round "10"]
[White "Movahed, Sina"]
[Black "Beerdsen, Thomas"]
[Result "1-0"]
[Board "10"]
[TimeControl "180+1"]
[WhiteFideId "42520835"]
[BlackFideId "1030108"]
[WhiteElo "2341"]
[BlackElo "2550"]
[WhiteTeam "IRI"]
[BlackTeam "NED"]
[WhiteClock "0:00:19"]
[BlackClock "0:00:00"]

1. Nf3 d5 2. c4 d4 3. b4 g5 4. Qa4+ Bd7 5. b5 Bg7 6. Nxg5 e5 7. Ne4 Nf6 8. Nxf6+ Qxf6 9. g3 c6 10. Bg2 O-O 11. O-O a6 12. bxc6 Nxc6 13. d3 b5 14. cxb5 axb5 15. Qd1 Ra5 16. Nd2 Rfa8 17. Ne4 Qe7 18. Bg5 f6 19. Bd2 Rxa2 20. Rxa2 Rxa2 21. Qb3+ Be6 22. Qxb5 Nd8 23. Rc1 Nf7 24. Bb4 Qd7 25. Qb8+ Qd8 26. Qb7 Rb2 27. Qa6 Qe8 28. Bd2 Ra2 29. Qb6 Qe7 30. Bb4 Qe8 31. Nc5 Bg4 32. Bd5 Rxe2 33. Ne4 Qd8 34. Qxd8+ 1-0

[Event "December 19 Early 2023"]
[Site "https://www.chess.com"]
[Date "2023.12.19"]
[Round "10"]
[White "Rasulov, Vugar"]
[Black "Gabrielian, Artur"]
[Result "1-0"]
[Board "11"]
[TimeControl "180+1"]
[WhiteFideId "13402390"]
[BlackFideId "4131002"]
[WhiteElo "2517"]
[BlackElo "2441"]
[WhiteTeam "AZE"]
[BlackTeam "RUS"]
[WhiteClock "0:00:05"]
[BlackClock "0:00:00"]

1. d4 Nf6 2. c4 g6 3. Nf3 Bg7 4. e3 O-O 5. Be2 d6 6. O-O c5 7. Nc3 Nc6 8. d5 Na5 9. e4 Bg4 10. Nd2 Bxe2 11. Qxe2 a6 12. e5 dxe5 13. Qxe5 b5 14. cxb5 axb5 15. Nxb5 Nxd5 16. Qe4 Rb8 17. a4 Nb4 18. Nf3 Nb3 19. Rb1 Qd3 20. Qxd3 Nxd3 21. Bg5 Nxb2 22. Bxe7 Rfe8 23. Bd6 Rbd8 24. Bc7 Ra8 25. a5 Nxa5 26. Bb6 Nac4 27. Bxc5 Ra5 28. Nd6 Nxd6 29. Bxd6 Nc4 30. Bf4 Rd5 31. Rbc1 Nd6 32. h3 h6 33. Bxd6 Rxd6 34. Rfe1 Rxe1+ 35. Rxe1 Bf6 36. g3 Kg7 37. Kg2 Ra6 38. Re2 Rb6 39. Rc2 Rb2 40. Rc4 Ra2 41. h4 Bd8 42. Ne5 Bb6 43. Rf4 f5 44. Rf3 Bd4 45. Nc6 Bc5 46. h5 gxh5 47. Rxf5 Bb6 48. Ne7 Ra5 49. Rf3 Re5 50. Nf5+ Kg6 51. Nh4+ Kg7 52. Rb3 Bc5 53. Rb7+ Kg8 54. f4 Re2+ 55. Kh3 Bg1 56. Nf3 Bc5 57. Rb5 Ba7 58. Rxh5 Kg7 59. Kg4 Ra2 60. Nh4 Bf2 61. Nf5+ Kg8 62. Rxh6 Ra3 63. Rh2 Bc5 64. Rc2 Bf8 65. Kg5 Ra6 66. g4 Kf7 67. Rc7+ Kg8 68. Kh5 Ra5 69. Rd7 Rb5 70. Kg5 Ra5 71. Rb7 Rc5 72. Ra7 Rb5 73. Ra6 Rc5 74. Kg6 Rc4 75. Ra8 Rxf4 76. g5 Rf1 77. Rc8 Rf2 78. Nh6+ Kh8 79. Re8 Rf1 80. Ng4 Kg8 81. Nf6+ 1-0

[Event "December 19 Early 2023"]
[Site "https://www.chess.com"]
[Date "2023.12.19"]
[Round "10"]
[White "Klimkowski, Jan"]
[Black "Chigaev, Maksim"]
[Result "0-1"]
[Board "12"]
[TimeControl "180+1"]
[WhiteFideId "21856222"]
[BlackFideId "4108116"]
[WhiteElo "2324"]
[BlackElo "2561"]
[WhiteTeam "POL"]
[BlackTeam "ESP"]
[WhiteClock "0:00:16"]
[BlackClock "0:00:02"]

1. e4 e5 2. Nf3 Nc6 3. Bb5 a6 4. Ba4 Nf6 5. O-O Be7 6. d3 d6 7. c3 O-O 8. Re1 Re8 9. h3 h6 10. Nbd2 Bf8 11. d4 b5 12. Bc2 exd4 13. cxd4 Nb4 14. Bb1 c5 15. Nf1 cxd4 16. Nxd4 Bb7 17. Ng3 g6 18. Bd2 Nc6 19. Bc3 Bg7 20. Nxc6 Bxc6 21. Bc2 h5 22. f3 h4 23. Nh1 d5 24. e5 Nh5 25. Qd4 Qg5 26. Nf2 Qg3 27. Nd3 Rac8 28. Bb3 Bd7 29. Qf2 Bf5 30. Rad1 Bxd3 31. Rxd3 Nf4 32. Qxg3 hxg3 33. Rd2 a5 34. a3 b4 35. axb4 axb4 36. Bd4 Bh6 37. Rdd1 Red8 38. Be3 Kg7 39. Kf1 Rc6 40. Bxf4 Bxf4 41. Rd4 g5 42. h4 Kg6 43. hxg5 Kxg5 44. Rxd5 Rxd5 45. Bxd5 Rc2 46. Re2 Rc5 47. Bxf7 Bxe5 48. b3 Rc1+ 49. Re1 Rc5 50. Bc4 Bf4 51. Re4 Ra5 52. Re1 Ra2 53. Re2 Bd2 54. Re5+ Kf6 55. Re6+ Kg5 56. Re4 Bf4 57. Rd4 Rf2+ 58. Kg1 Be3 59. Rg4+ Kf5 60. Rxg3 Rb2+ 61. Kf1 Bf4 62. Rg8 Rb1+ 63. Ke2 Rb2+ 64. Kd3 Rd2# 0-1

[Event "December 19 Early 2023"]
[Site "https://www.chess.com"]
[Date "2023.12.19"]
[Round "10"]
[White "Shevchenko, Kirill"]
[Black "Boyer, Mahel"]
[Result "0-1"]
[Board "13"]
[TimeControl "180+1"]
[WhiteFideId "14129574"]
[BlackFideId "45102422"]
[WhiteElo "2603"]
[BlackElo "2449"]
[WhiteTeam "ROU"]
[BlackTeam "FRA"]
[WhiteClock "0:00:06"]
[BlackClock "0:00:02"]

1. e4 Nc6 2. d4 d5 3. Nc3 dxe4 4. d5 Nb8 5. Bf4 Nf6 6. Bc4 a6 7. Nge2 b5 8. Bb3 c5 9. dxc6 Qxd1+ 10. Rxd1 Nxc6 11. Nd5 Nxd5 12. Bxd5 Bb7 13. Bxe4 e6 14. O-O Na5 15. Bxb7 Nxb7 16. Nd4 Rc8 17. Rfe1 Bc5 18. Nb3 Bb6 19. c3 Ke7 20. Be5 f6 21. Bd4 Rc6 22. Rd3 Rd8 23. Rh3 h6 24. Rg3 Kf7 25. h4 e5 26. Bxb6 Rxb6 27. Rg4 h5 28. Rge4 Nd6 29. Rb4 Nc4 30. a4 Nxb2 31. Nc5 Nd3 32. Rd1 Nxb4 33. Rxd8 Na2 34. Rd7+ Kg6 35. Ra7 Nxc3 36. a5 Rc6 37. Nxa6 Nd5 38. Nb8 Rc1+ 39. Kh2 b4 40. Rb7 Rc2 41. a6 Rxf2 42. a7 Ra2 43. Nc6 Ne3 44. Rb8 Ng4+ 45. Kh3 Ra3+ 46. g3 Ra2 47. Nxe5+ fxe5 48. Rb6+ Kh7 49. Rh6+ gxh6 50. a8=Q Rh2# 0-1

[Event "December 19 Early 2023"]
[Site "https://www.chess.com"]
[Date "2023.12.19"]
[Round "10"]
[White "IM_ArthurDW08"]
[Black "Naroditsky, Daniel"]
[Result "1/2-1/2"]
[Board "14"]
[TimeControl "180+1"]
[BlackFideId "2026961"]
[WhiteElo "2792"]
[BlackElo "2639"]
[BlackTeam "USA"]
[WhiteClock "0:00:03"]
[BlackClock "0:00:02"]

1. e4 c5 2. Nf3 d6 3. d4 cxd4 4. Nxd4 Nf6 5. Nc3 a6 6. h3 g6 7. g4 Bg7 8. Be3 Nc6 9. Qd2 O-O 10. O-O-O d5 11. exd5 Nxd5 12. Nxc6 bxc6 13. Bd4 e5 14. Bc5 Be6 15. Ne4 Qc7 16. Bxf8 Bxf8 17. Bc4 Rb8 18. Bxd5 cxd5 19. Nf6+ Kh8 20. Nxd5 Qb7 21. b3 Rd8 22. c4 Rc8 23. Qc2 a5 24. Rhe1 Bg7 25. Nc3 Qg2 26. Rd3 Qh2 27. Ne4 Qf4+ 28. Qd2 Qh2 29. Rd8+ Bf8 30. Rxc8 Bxc8 31. Qd8 Kg7 32. Qxc8 Qxh3 33. Qd7 Bb4 34. Re2 Qf3 35. Qd1 Qxg4 36. Nd2 Qd4 37. Qc2 Qa1+ 38. Nb1 Qd4 39. Re4 Qd6 40. Re2 Qd4 41. Nd2 Qa1+ 42. Qb1 Qc3+ 43. Qc2 Qa1+ 1/2-1/2

[Event "December 19 Early 2023"]
[Site "https://www.chess.com"]
[Date "2023.12.19"]
[Round "10"]
[White "Baskakov, Egor"]
[Black "Rustemov, Alexander"]
[Result "1/2-1/2"]
[Board "15"]
[TimeControl "180+1"]
[WhiteFideId "24197866"]
[BlackFideId "4119002"]
[WhiteElo "2225"]
[BlackElo "2799"]
[WhiteTeam "RUS"]
[BlackTeam "RUS"]
[WhiteClock "0:01:08"]
[BlackClock "0:01:39"]

1. c4 c5 2. Nc3 g6 3. g3 Bg7 4. Bg2 Nc6 5. e3 Bxc3 6. bxc3 Qc7 7. Ne2 b6 8. O-O Bb7 9. e4 d6 10. d3 h5 11. h3 Nf6 12. Bg5 Nd7 13. Qd2 f6 14. Be3 g5 15. Nc1 g4 16. h4 Nde5 17. Nb3 Kf7 18. Qe2 Rag8 19. d4 Nf3+ 20. Bxf3 gxf3 21. Qxf3 Qc8 22. Kh2 Rg4 23. Nd2 Rhg8 24. Rg1 Na5 25. d5 Ba6 26. Qe2 Qd7 27. f3 R4g7 28. a4 Bc8 29. Qf1 Ba6 30. Qe2 Ke8 31. Bh6 Rg6 32. Bf4 Kd8 33. Kg2 Kc7 34. Kf2 Kb7 35. Rgb1 Qh3 36. Rh1 Qd7 37. Rhb1 Qh3 38. Rh1 Qd7 39. Rhb1 1/2-1/2

[Event "December 19 Early 2023"]
[Site "https://www.chess.com"]
[Date "2023.12.19"]
[Round "10"]
[White "Steinberg, Nitzan"]
[Black "Pakleza, Zbigniew"]
[Result "0-1"]
[Board "16"]
[TimeControl "180+1"]
[WhiteFideId "2801795"]
[BlackFideId "1119290"]
[WhiteElo "2486"]
[BlackElo "2410"]
[WhiteTeam "ISR"]
[BlackTeam "POL"]
[WhiteClock "0:00:00"]
[BlackClock "0:00:14"]

1. e4 d6 2. d4 Nf6 3. Nc3 c6 4. f4 Qb6 5. Nf3 Bg4 6. Be2 Bxf3 7. Bxf3 e5 8. fxe5 dxe5 9. dxe5 Nfd7 10. e6 fxe6 11. Bg4 Na6 12. Bxe6 O-O-O 13. Bg5 Qxb2 14. O-O Qxc3 15. Bxd8 Bc5+ 16. Kh1 Rxd8 17. Rf7 Bd4 18. Rb1 Nc5 19. Bf5 g6 20. Bg4 h5 21. Bh3 Qc4 22. Re7 Kb8 23. e5 Ne4 24. Qf3 Nf2+ 25. Kg1 Nxh3+ 26. Kh1 Nf2+ 27. Kg1 Ne4+ 28. Kh1 Nd2 29. Qa3 Nxb1 30. Qd6+ Kc8 0-1

[Event "December 19 Early 2023"]
[Site "https://www.chess.com"]
[Date "2023.12.19"]
[Round "10"]
[White "Samunenkov, Ihor"]
[Black "Szpar, Milosz"]
[Result "0-1"]
[Board "17"]
[TimeControl "180+1"]
[WhiteFideId "14187086"]
[BlackFideId "1184989"]
[WhiteElo "2473"]
[BlackElo "2446"]
[WhiteTeam "UKR"]
[BlackTeam "POL"]
[WhiteClock "0:00:00"]
[BlackClock "0:00:11"]

1. d4 d5 2. Nf3 Nf6 3. c4 c6 4. g3 Bf5 5. Nc3 e6 6. Nh4 Be4 7. f3 Bg6 8. Qb3 Qc8 9. Nxg6 hxg6 10. Be3 Nbd7 11. Rc1 Bd6 12. Bf2 dxc4 13. Qxc4 e5 14. Bg2 Qc7 15. O-O a6 16. e4 g5 17. d5 c5 18. a4 g4 19. Qe2 gxf3 20. Qxf3 O-O-O 21. b4 Kb8 22. Ne2 Rc8 23. g4 Qd8 24. b5 a5 25. Ng3 Nh7 26. Qxf7 Ng5 27. Qxg7 Rh7 28. Qg6 Nf8 29. Qg8 Qf6 30. Be3 Qh6 31. Qxg5 Qxh2+ 32. Kf2 Rf7+ 33. Nf5 Be7 34. Qh4 Bxh4+ 0-1